 Dungeon Crawl Stone Soup version 0.22-a0-617-g6d95e9e (webtiles) character file.

1134 Hebeh the Conjurer (level 8, -8/43 HPs)
             Began as a Deep Elf Fire Elementalist on July 12, 2018.
             Mangled by an ice beast (14 damage)
             ... on level 5 of the Dungeon.
             The game lasted 00:35:29 (6933 turns).

Hebeh the Conjurer (Deep Elf Fire Elementalist)     Turns: 6933, Time: 00:35:30

Health: -8/43      AC:  4    Str:  7    XL:     8   Next: 14%
Magic:  19/19      EV: 13    Int: 21    God:
Gold:   263        SH:  0    Dex: 15    Spells: 10/19 levels left

rFire    + . .     SeeInvis .   b - +1 hunting sling
rCold    . . .     Gourm    .   (no shield)
rNeg     . . .     Faith    .   f - +0 robe
rPois    .         Spirit   .   y - +0 helmet (curse)
rElec    .         Reflect  .   C - +0 cloak
rCorr    .         Harm     .   (no gloves)
MR       .....                  (no boots)
Stlth    ++........             (no amulet)
HPRegen  0.14/turn              u - ring of protection from fire (curse)
MPRegen  0.16/turn              (no ring)

@: no status effects
A: no striking features
a: no special abilities


You were on level 5 of the Dungeon.
You were hungry.

You visited 1 branch of the dungeon, and saw 6 of its levels.

You collected 263 gold pieces.

Inventory:

Hand Weapons
 a - a +1 war axe of chopping
 b - a +1 hunting sling (weapon)
 z - a +0 short sword
Missiles
 g - 32 sling bullets (quivered)
 j - 194 stones
Armour
 f - a +0 robe (worn)
 y - a cursed +0 helmet (worn)
 C - a +0 cloak (worn)
Jewellery
 u - a cursed ring of protection from fire (left hand)
Wands
 s - a wand of polymorph (9)
 x - a wand of clouds (3)
 E - a wand of enslavement (5)
Scrolls
 d - 4 scrolls of identify
 h - 3 scrolls of fog {unknown}
 k - 2 scrolls of blinking {unknown}
 m - a scroll of magic mapping
 n - 3 scrolls of teleportation {unknown}
 o - 2 scrolls of enchant weapon
 q - 4 scrolls of remove curse
 v - 2 scrolls of amnesia {unknown}
 w - a scroll of immolation {unknown}
 B - a scroll of fear {unknown}
 F - a scroll of noise {unknown}
Potions
 e - 5 potions of curing {unknown}
 i - a potion of brilliance {unknown}
 l - a potion of flight {unknown}
 p - 4 potions of degeneration {unknown}
 r - a potion of magic {unknown}
 t - 3 potions of mutation {unknown}
 A - a potion of invisibility {unknown}
Comestibles
 c - 11 rations
 D - 3 chunks of flesh


   Skills:
 + Level 1.0 Fighting
 + Level 3.2 Dodging
 - Level 2.4 Stealth
 + Level 6.2 Spellcasting
 * Level 6.5 Conjurations
 - Level 4.0 Hexes
 * Level 6.0 Fire Magic


You had 10 spell levels left.
You knew the following spells:

 Your Spells              Type           Power        Failure   Level  Hunger
a - Flame Tongue          Conj/Fire      ####.        1%          1    None
b - Throw Flame           Conj/Fire      ####..       1%          2    None
c - Conjure Flame         Conj/Fire      ####....     2%          3    #......
d - Inner Flame           Hex/Fire       ####....     3%          3    #......

Your spell library contained the following spells:

 Spells                   Type           Power        Failure   Level  Hunger
 Fireball                 Conj/Fire      ####......   21%         5    #####..
 Sticky Flame             Conj/Fire      ####....     7%          4    ###....


Dungeon Overview and Level Annotations

Branches:
Dungeon (6/15)
 Temple: D:4-7

Altars:
Qazlal


Message History

Aim: an ice beast The flame tongue hits the ice beast.
The ice beast melts!
The ice beast is lightly wounded.
The ice beast hits you. The ice beast freezes you!
There is a stone staircase leading up here.
The ice beast hits you. The ice beast freezes you.
* * * LOW HITPOINT WARNING * * *
There is an open door here.
The ice beast barely misses you.
There is a stone staircase leading up here.
The ice beast misses you.
You climb upwards.
There is a stone staircase leading down here.
As you read the scroll labeled DIR LOTEIMICAE, it crumbles to dust.
It is a scroll of enchant weapon.
Your +0 hunting sling glows red for a moment.
The ice beast hits you.
* * * LOW HITPOINT WARNING * * *
The ice beast freezes you!
You die...

#.# #####.# #...
######.#######.#####...
#...................<..
#......................
#......................
#...............>......
#......................
#...................... ######
#.....@................ #....#
#......Y............... ##.#.#
#...................... #.#.#
#...................... #.#.#
#......................
#.#.####......................
#......................[......
####.####......................
#..............................


You could see an ice beast.

Vanquished Creatures
  Grinder (D:5)
  Sigmund (D:5)
  A phantom (D:5)
  2 howler monkeys (D:6)
  2 crimson imps (D:5)
  A centaur skeleton (D:4)
  A jelly (D:5)
  3 orc priests (D:5)
  2 orc wizards
  2 worker ants
  A worker ant zombie (D:5)
  7 gnolls
  10 adders
  2 shadow imps (D:5)
  An ooze (D:5)
  An adder skeleton (D:6)
  A dart slug (D:2)
  4 worms
  4 leopard geckos
  13 orcs
  8 bats
  4 giant cockroaches
  10 goblins
  7 hobgoblins
  8 jackals
  2 quokkas (D:3)
  A ball python (D:2)
  3 frilled lizards
  A jackal zombie (D:5)
  8 kobolds
  6 rats
118 creatures vanquished.

Notes
Turn   | Place    | Note
-------+----------+-------------------------------------------
     0 | D:1      | Hebeh the Deep Elf Fire Elementalist began the quest for the Orb.
     0 | D:1      | Reached XP level 1. HP: 10/10 MP: 6/6
   371 | D:1      | Reached XP level 2. HP: 15/15 MP: 1/8
  1240 | D:2      | Reached XP level 3. HP: 19/19 MP: 3/10
  1352 | D:2      | Found a stormy altar of Qazlal.
  1999 | D:2      | Reached XP level 4. HP: 24/24 MP: 10/12
  2502 | D:2      | Learned a level 2 spell: Throw Flame
  2506 | D:2      | Learned a level 3 spell: Conjure Flame
  2510 | D:2      | Learned a level 3 spell: Inner Flame
  2768 | D:3      | Reached skill level 1 in Hexes
  2768 | D:3      | Reached XP level 5. HP: 22/28 MP: 10/13
  3158 | D:3      | Found a faded altar of an unknown god.
  4131 | D:4      | Reached XP level 6. HP: 22/32 MP: 5/15
  4664 | D:5      | Entered Level 5 of the Dungeon
  4664 | D:5      | Noticed Grinder
  4665 | D:5      | Paralysed by Grinder for 4 turns
  4861 | D:5      | Reached skill level 5 in Spellcasting
  5145 | D:5      | Reached skill level 5 in Conjurations
  5434 | D:5      | Reached skill level 5 in Fire Magic
  5434 | D:5      | Reached XP level 7. HP: 25/36 MP: 7/17
  5592 | D:5      | Killed Grinder
  6108 | D:5      | Noticed Sigmund
  6113 | D:5      | Killed Sigmund
  6113 | D:5      | Reached XP level 8. HP: 39/42 MP: 10/19
  6768 | D:6      | Reached skill level 1 in Fighting
  6933 | D:5      | Mangled by an ice beast

Vault maps used:
D:1:      matt_arrival_spirals, minmay_octomino_c4
D:2:      grunt_qazlal_sundering, kennysheep_generic_room_15
D:3:      chequers_ecumenical_altar_lobes
D:4:      minmay_misc_feat_ornament
D:5:      cheibrodos_helix_gallery, first_ration,
          hangedman_decor_clover_reticule, uniq_grinder, uniq_sigmund
D:6:      nemelex_xobeh_ov_fountains_minmay, st_stairs_13,
          uniq_crazy_yiuf_cottage

Skill      XL: |  1  2  3  4  5  6  7  8 |
---------------+-------------------------+-----
Conjurations   | 2 3 4 5 6 |  6.5
Spellcasting   | 4 5 6 |  6.2
Fire Magic     | 4 5 6 |  6.0
Hexes          | 1 2 3 4 |  4.0
Dodging        | 3 |  3.2
Fighting       | 1 |  1.0
Stealth        | |  2.4

Action                   |  1- 3 |  4- 6 |  7- 9 || total
-------------------------+-------+-------+-------++-------
Melee: War axe           |       |     8 |     8 ||    16
 Fire: Hunting sling     |    18 |    44 |       ||    62
Throw: Stone             |     8 |       |       ||     8
 Cast: Flame Tongue      |    49 |   126 |    31 ||   206
       Throw Flame       |       |    13 |    19 ||    32
       Conjure Flame     |       |     1 |       ||     1
  Use: Scroll            |       |     4 |     1 ||     5
  Eat: Chunk             |     2 |     9 |     3 ||    14
       Ration            |       |     1 |       ||     1
Armor: Robe              |     2 |     6 |     3 ||    11
Dodge: Dodged            |    12 |    57 |    18 ||    87

Table legend:
 A = Spawn XP
 B = Non-spawn XP
 C = Spawn XP percentage of total XP
 D = Spawn monster count
 E = Non-spawn monster count
 F = Spawn count percentage of total count
 G = Total turns spent on level
                    A         B        C        D         E        F      G
               +---------+---------+-------+---------+---------+-------+---------
         Total |       0 |    1621 |   0.0 |       0 |     118 |   0.0 |  6933
               +---------+---------+-------+---------+---------+-------+---------
           D:1 |       0 |      24 |   0.0 |       0 |      14 |   0.0 |  1112
           D:2 |       0 |     121 |   0.0 |       0 |      28 |   0.0 |  1586
           D:3 |       0 |     163 |   0.0 |       0 |      37 |   0.0 |  1235
           D:4 |       0 |     202 |   0.0 |       0 |      17 |   0.0 |  1550
           D:5 |       0 |    1000 |   0.0 |       0 |      19 |   0.0 |  1299
           D:6 |       0 |     111 |   0.0 |       0 |       3 |   0.0 |   151
               +---------+---------+-------+---------+---------+-------+---------
